 Dungeon Crawl Stone Soup version 0.25.0-1-g7eea58d2a3 (webtiles) character file.

Game seed: 7378451735532833483

4898 Dirian the Carver (level 10, -3/86 HPs)
             Began as a Minotaur Fighter on June 14, 2020.
             Was a Follower of Ru.
             Killed from afar by an orc wizard (5 damage)
             ... with a puff of flame
             ... on level 9 of the Dungeon.
             The game lasted 00:13:43 (8917 turns).

Dirian the Carver (Minotaur Fighter)                Turns: 8917, Time: 00:13:44

Health: -3/86      AC: 15    Str: 24    XL:     10   Next: 27%
Magic:  9/9        EV:  7    Int:  5    God:    Ru [*.....]
Gold:   12         SH: 13    Dex: 10    Spells: 9/9 levels left

rFire    . . .     SeeInvis .   C - +4 long sword (elec)
rCold    + . .     Gourm    .   J - +2 kite shield
rNeg     . . .     Faith    +   I - +2 chain mail {rC+}
rPois    .         Spirit   .   (helmet restricted)
rElec    .         Reflect  .   n - +0 cloak
rCorr    +         Harm     .   k - +0 pair of gloves
MR       .....                  (no boots)
Stlth    ..........             l - amulet of faith
HPRegen  0.24/turn              u - ring of resist corrosion
MPRegen  0.11/turn              (no ring)

@: no status effects
A: retaliatory headbutt, horns 2, hated by all
a: Renounce Religion


You were on level 9 of the Dungeon.
You worshipped Ru.
Ru was aware of your devotion.
You were not hungry.

You visited 1 branch of the dungeon, and saw 9 of its levels.

You collected 417 gold pieces.
You spent 405 gold pieces at shops.

Inventory:

Hand Weapons
 a - a +1 long sword
 C - a +4 long sword of electrocution (weapon)
Armour
 k - a +0 pair of gloves (worn)
 n - a +0 cloak (worn)
 H - a +0 chain mail of fire resistance
 I - a +2 chain mail of cold resistance (worn)
 J - a +2 kite shield (worn)
Jewellery
 l - an amulet of faith (around neck)
 o - an uncursed amulet of guardian spirit
 u - a ring of resist corrosion (left hand)
Wands
 f - a wand of acid (9)
 h - a wand of polymorph (4)
 y - a wand of random effects (9)
 B - a wand of iceblast (26)
 F - a wand of clouds (8)
 G - a wand of flame (8)
Scrolls
 g - a scroll of magic mapping
 r - a scroll of identify
 t - 4 scrolls of teleportation
 x - 5 scrolls of remove curse
 z - a scroll of random uselessness {unknown}
 D - a scroll of immolation
 E - a scroll of enchant armour {unknown}
Potions
 b - a potion of lignification
 d - a potion of might
 i - 4 potions of mutation
 j - 4 potions of haste
 m - a potion of brilliance
 q - 3 potions of curing
 s - a potion of flight
 v - a potion of magic
 A - a potion of invisibility {unknown}
Comestibles
 e - 20 rations


   Skills:
 + Level 7.0 Fighting
 * Level 13.3 Long Blades
 + Level 8.2 Armour
 + Level 8.1 Shields


You had 9 spell levels left.
You didn't know any spells.
Your spell library contained the following spells:

 Spells                   Type           Power        Failure   Level  Hunger
 Sandblast                Erth           #.....       100%        1    ##.....
 Passwall                 Tmut/Erth      #.......     100%        2    ###....
 Stone Arrow              Conj/Erth      #.....       100%        3    ####...
 Petrify                  Tmut/Erth      #.......     100%        4    #####..
 Lee's Rapid Deconstruct  Erth           #.........   100%        5    ######.
 Summon Small Mammal      Summ           Unusable     N/A         1    N/A
 Call Imp                 Summ           Unusable     N/A         2    N/A
 Call Canine Familiar     Summ           Unusable     N/A         3    N/A
 Summon Guardian Golem    Hex/Summ       Unusable     N/A         3    N/A
 Summon Ice Beast         Ice/Summ       Unusable     N/A         4    N/A
 Summon Lightning Spire   Summ/Air       Unusable     N/A         4    N/A

Dungeon Overview and Level Annotations

Branches:
Dungeon (9/15)             Temple (0/1) D:5
   Lair: D:8-11         Orc: D:9-12

Altars:
Elyvilon
Fedhas
Gozag
Kikubaaqudgha
Ru
Sif Muna
Trog
Uskayaw
Vehumet
Wu Jian
Xom
Yredelemnul
Zin

Shops:
D:8 [


Innate Abilities, Weirdness & Mutations

You reflexively headbutt those who attack you in melee.
You have a pair of horns on your head.
You are hated by all.


Message History

Beogh smites you!
* * * LOW HITPOINT WARNING * * *
Okay, then.
Okay, then.
You feel better.
An orc wizard appears from thin air!
Reactivating autopickup.
The orc warrior throws a boomerang.
The boomerang closely misses you.
The weapon returns to the orc warrior!
You block the orc wizard's attack.
The orc priest calls down the wrath of Beogh upon you.
Beogh smites you!
* * * LOW HITPOINT WARNING * * *
The orc wizard begins to cast a spell, but is stunned by your will!
The orc warrior throws a boomerang.
You block the boomerang.
The weapon returns to the orc warrior!
You block the orc wizard's attack.
The orc warrior throws a boomerang.
The boomerang hits you but does no damage.
The weapon returns to the orc warrior!
The orc wizard points at you and mumbles some strange words.
The puff of flame hits you.
You die...

#'###.# # #≈≈.≈≈#.# # #≈≈.≈≈#.# #
#≈._.≈#.###### #
#######≈≈.≈≈#......# ..#
......#≈≈≈≈≈#......# ..###
......#######.....o#########.....
.###### #.........)oooo.........
.# #......@####ooo......... .#
#.......'..o............ .#
#.......#..o.o.......... .#
#.......#.......[....... .#
#.......#.........)..... .#
#.......#........)).....
.#########.......#...............
.................####.........?..
.......................##........


You could see an orc warrior, an orc priest, an orc wizard and 5 orcs.

Vanquished Creatures
  Pikel (D:6)
  The ghost of Vidiiot the Chopper, a novice GrFi (D:5)
  A troll (D:7)
  A hornet (D:8)
  3 hippogriffs
  2 water moccasins (D:8)
  An ice beast (D:6)
  A black bear (D:7)
  5 orc warriors
  2 sky beasts (D:9)
  A slave (D:6)
  A phantom (D:4)
  2 ogres
  2 centaurs
  A necrophage (D:8)
  Blork the orc (D:6)
  A gnoll sergeant (D:8)
  4 bullfrogs
  3 crimson imps
  A quasit (D:9)
  A bullfrog zombie (D:5)
  A hound (D:4)
  2 jellies
  7 orc priests
  A centaur skeleton (D:7)
  8 orc wizards
  Jessica (D:2)
  2 bullfrog skeletons
  Terence (D:2)
  2 iguanas
  Ijyb (D:4)
  3 hell rats (D:5)
  3 worker ants
  A worker ant zombie (D:9)
  10 adders
  5 gnolls
  4 river rats (D:5)
  A shadow imp (D:5)
  An ooze (D:1)
  An adder zombie (D:6)
  An adder skeleton (D:7)
  2 worms (D:3)
  7 leopard geckos
  29 orcs
  9 bats
  5 giant cockroaches
  15 goblins
  12 hobgoblins
  7 quokkas
  A ball python (D:3)
  A ball python zombie (D:5)
  6 frilled lizards
  8 kobolds
  A leopard gecko zombie (D:5)
  3 quokka zombies
  20 rats
218 creatures vanquished.

Vanquished Creatures (others)
  2 slaves (D:6)
  An orc wizard (D:5)
  An ooze (D:6)
  An orc (D:6)
5 creatures vanquished.

Grand Total: 223 creatures vanquished

Notes
Turn   | Place    | Note
-------+----------+-------------------------------------------
     0 | D:1      | Dirian the Minotaur Fighter began the quest for the Orb.
     0 | D:1      | Reached XP level 1. HP: 19/19 MP: 0/0
   219 | D:1      | Reached XP level 2. HP: 27/27 MP: 1/1
   225 | D:1      | Reached skill level 3 in Long Blades
   312 | D:1      | Reached XP level 3. HP: 31/33 MP: 2/2
  1081 | D:2      | Noticed Jessica
  1088 | D:2      | Killed Jessica
  1088 | D:2      | Reached skill level 4 in Long Blades
  1088 | D:2      | Reached XP level 4. HP: 37/40 MP: 3/3
  1174 | D:2      | Noticed Terence
  1183 | D:2      | Killed Terence
  1449 | D:2      | Found an ornate altar of the Wu Jian Council.
  1485 | D:3      | Found a glowing silver altar of Zin.
  1537 | D:3      | Found a shimmering blue altar of Sif Muna.
  1649 | D:3      | Reached XP level 5. HP: 44/46 MP: 4/4
  1991 | D:3      | Reached skill level 5 in Long Blades
  2662 | D:4      | Found a shimmering altar of Xom.
  2792 | D:4      | Reached XP level 6. HP: 53/53 MP: 5/5
  3028 | D:4      | Noticed Ijyb
  3036 | D:4      | Killed Ijyb
  3036 | D:4      | Reached skill level 6 in Long Blades
  3085 | D:4      | Reached skill level 5 in Shields
  3337 | D:5      | Entered Level 5 of the Dungeon
  3434 | D:5      | Found a transporter.
  3464 | D:5      | Noticed Vidiiot's ghost (novice GrFi)
  3478 | D:5      | Found a bloodstained altar of Trog.
  3494 | D:5      | Found a transporter.
  3547 | D:5      | Reached skill level 7 in Long Blades
  3549 | D:5      | Reached XP level 7. HP: 45/60 MP: 2/6
  3558 | D:5      | Reached skill level 5 in Armour
  3709 | D:5      | Found the +2 ratskin cloak {+Rats rPois rN+ Str-1 Int-1
                  | Dex+1}
  4039 | D:5      | Found a staircase to the Ecumenical Temple.
  4472 | D:5      | Killed Vidiiot's ghost
  4472 | D:5      | Reached skill level 5 in Fighting
  4472 | D:5      | Reached skill level 8 in Long Blades
  4476 | D:5      | Reached XP level 8. HP: 18/68 MP: 1/7
  4788 | D:6      | Noticed Pikel
  4805 | D:6      | Killed Pikel
  4805 | D:6      | Reached skill level 9 in Long Blades
  4907 | D:6      | Reached skill level 10 in Long Blades
  5102 | D:6      | Found a hide-covered altar of Uskayaw.
  5240 | D:6      | Noticed Blork the orc
  5356 | D:6      | Killed Blork the orc
  5610 | D:6      | Found a basalt altar of Yredelemnul.
  6048 | D:6      | Reached XP level 9. HP: 54/75 MP: 5/8
  6260 | D:7      | Reached skill level 11 in Long Blades
  7212 | D:7      | Noticed a troll
  7217 | D:7      | Killed a troll
  7272 | D:7      | Found an ancient bone altar of Kikubaaqudgha.
  7360 | D:7      | Got an ichor-stained rapier
  7361 | D:7      | Identified the cursed +2 rapier of Honour {freeze, rPois}
                  | (You found it on level 7 of the Dungeon)
  7419 | D:8      | Reached skill level 12 in Long Blades
  7666 | D:8      | Found a sacrificial altar of Ru.
  7740 | D:8      | Became a worshipper of Ru the Awakened
  7956 | D:8      | Found a white marble altar of Elyvilon.
  8068 | D:8      | Reached XP level 10. HP: 82/84 MP: 9/9
  8146 | D:8      | Found a radiant altar of Vehumet.
  8321 | D:8      | Found Tofil's Antique Armour Shop.
  8329 | D:8      | Bought a shiny chain mail for 135 gold pieces
  8329 | D:8      | Bought a runed chain mail for 135 gold pieces
  8329 | D:8      | Bought a glowing kite shield for 135 gold pieces
  8357 | D:8      | Reached skill level 13 in Long Blades
  8376 | D:8      | Found a blossoming altar of Fedhas.
  8802 | D:9      | Gained mutation: You are hated by all. [Ru sacrifice]
  8802 | D:9      | Reached * piety under Ru
  8847 | D:9      | Found an opulent altar of Gozag.
  8914 | D:9      | HP: 1/86 [orc priest/divine providence (14)]
  8917 | D:9      | Killed from afar by an orc wizard

Illustrated notes

Levels and vault maps discovered:
D:1:      lemuel_arrival_river_ford, layout_rooms, minmay_pentomino_z4
D:2:      layout_basic, nicolae_overflow_hidden_temple, first_ration,
          kennysheep_small_spiral, hex_large, minmay_crystal_room, uniq_terence,
          uniq_jessica
D:3:      layout_basic, grunt_temple_overflow_open, grunt_decor_fettered
D:4:      layout_basic, lemuel_doored_altar, uniq_ijyb
D:5:      wander_guarded_unrand_ratskin, layout_loops_cross, bloody_trog,
          minmay_temple_entry_offerings, gammafunk_ghost_mausoleum,
          kennysheep_decorative_pillar
D:6:      layout_basic, eat_drink_and_be_merry_uskayaw, kennysheep_mini,
          st_stairs_13, minmay_ogre_servants, uniq_pikel, uniq_blork_the_orc
D:7:      layout_loops_ring, marbit_many_paths
D:8:      layout_loops_cross, vehumet_altar_wand_db,
          lemuel_coloured_pillars_altar, lemuel_crystal_altar, serial_shops,
          shop, grunt_pizzeria, lemuel_altar_in_water
D:9:      layout_irregular_city, kennysheep_little_box, erik_orc_4

Skill      XL: |  1  2  3  4  5  6  7  8  9 10 |
---------------+-------------------------------+-----
Long Blades    | 3 4 5 7 8 10 12 13 | 13.3
Shields        | 4 5 6 7 8 |  8.1
Fighting       | 4 5 6 7 |  7.0
Armour         | 4 5 6 7 8 |  8.2

Action                   |  1- 3 |  4- 6 |  7- 9 | 10-12 || total
-------------------------+-------+-------+-------+-------++-------
Melee: Long sword        |    76 |   147 |   332 |    69 ||   624
       Headbutt          |    13 |    26 |    63 |    16 ||   118
       Unarmed           |       |       |     3 |       ||     3
Invok: Sacrifice Love    |       |       |       |     1 ||     1
  Use: Scroll            |       |    10 |     8 |       ||    18
       Potion            |       |     2 |     2 |     2 ||     6
  Eat: Chunk             |     1 |     8 |    14 |     1 ||    24
       Ration            |       |       |       |     1 ||     1
Armor: Scale mail        |    43 |    43 |       |       ||    86
       Chain mail        |       |    22 |   125 |    54 ||   201
       Skin              |       |       |     1 |       ||     1
Dodge: Dodged            |    18 |    34 |    56 |    24 ||   132
Block: Kite shield       |    45 |    69 |   141 |    53 ||   308
       Rpst.: Long sword |     2 |    11 |    11 |     5 ||    29
